 Dungeon Crawl Stone Soup version 0.13.0-17-g5f0e85f (webtiles) character file.

308 Impy the Ogre Mage (level 5, -5/45 HPs)
             Began as an Ogre Wizard on Oct 21, 2013.
             Killed by nerve-wracking pain
             ... invoked by Grinder
              (6 damage)
             ... on Level 3 of the Dungeon.
             The game lasted 00:17:13 (3703 turns).

Impy the Ogre Mage (Ogre Wizard)                    Turns: 3703, Time: 00:17:14

HP  -5/45        AC  4     Str 12      XL: 5   Next: 29%
MP  11/24        EV  9     Int 18      God:
Gold 161         SH  0     Dex  8      Spells:  5 memorised,  3 levels left

Res.Fire  : . . .   See Invis. : .   h - +0 whip
Res.Cold  : . . .   Warding    : .   a - +0 robe
Life Prot.: . . .   Conserve   : .   (shield restricted)
Res.Poison: .       Res.Corr.  : .   b - +1 wizard hat
Res.Elec. : .       Clarity    : .   (no cloak)
Sust.Abil.: . .     Spirit.Shd : .   (gloves unavailable)
Res.Mut.  : +       Stasis     : .   (boots unavailable)
Res.Rott. : .       Flight     : .   q - amulet of resist mutation
Saprovore : + . .                    r - ring of magical power
                                     f - ring of flight

@: very slightly contaminated, slightly resistant to hostile enchantments,
unstealthy
A: unfitting armour, fast metabolism 1, saprovore 1, tough skin 1
a: Evoke Flight


You were on level 3 of the Dungeon.
You were not hungry.

You visited 1 branch of the dungeon, and saw 4 of its levels.

You collected 141 gold pieces.

Inventory:

Hand weapons
 h - a +0,+0 whip (weapon)
Armour
 a - a +0 robe (worn)
 b - a +1 wizard hat (worn)
Comestibles
 d - 3 meat rations
Scrolls
 j - 5 scrolls of remove curse
Jewellery
 f - a ring of flight (left hand)
 q - an amulet of resist mutation (around neck)
 r - a ring of magical power (right hand)
Potions
 e - a potion of resistance
 g - a potion of brilliance
Books
 c - a book of Minor Magic

   Spells                             Type                      Level
   *Magic Dart                        Conjuration                  1
   *Blink                             Translocation                2
   *Call Imp                          Summoning                    2
   Repel Missiles                     Charms/Air                   2
   Slow                               Hexes                        2
   *Conjure Flame                     Conjuration/Fire             3
   *Mephitic Cloud                    Conjuration/Poison/Air       3
 p - a book of Annihilations {highlevel}

   This book is beyond your current level of understanding.

   Spells                             Type                      Level
   Poison Arrow                       Conjuration/Poison           6
   Orb of Destruction                 Conjuration                  7
   Chain Lightning                    Conjuration/Air              8
   Lehudib's Crystal Spear            Conjuration/Earth            8
   Ice Storm                          Conjuration/Ice              9
   Fire Storm                         Conjuration/Fire             9


   Skills:
 + Level 3.6 Fighting
 + Level 2.7 Maces & Flails
 - Level 1.7 Dodging
 - Level 1.5 Stealth
 + Level 5.0 Spellcasting
 - Level 0.6 Conjurations
 - Level 0.6 Summonings
 - Level 0.6 Translocations


You had 3 spell levels left.
You knew the following spells:

 Your Spells              Type           Power        Failure   Level  Hunger
a - Magic Dart            Conj           #...         12%         1    None
b - Blink                 Tloc           N/A          17%         2    #......
c - Call Imp              Summ           #.........   17%         2    #......
d - Mephitic Cloud        Conj/Pois/Air  #.......     43%         3    ###....
e - Conjure Flame         Conj/Fire      #.......     34%         3    ###....


Dungeon Overview and Level Annotations

Branches:
Dungeon (4/27)
 Temple: D:4-7

Altars:

Annotations:
D:3 Grinder


Innate Abilities, Weirdness & Mutations

You are too large for most types of armour.
You have a fast metabolism.
You can tolerate rotten meat.
You have tough skin (AC +1).


Message History

Casting: Magic Dart
Confirm with . or Enter, or press ? or * to list all spells.
Aiming: Magic Dart
Press: ? - help, Shift-Dir - straight line, f/p - Grinder
Aim: Grinder (heavily wounded)
You miscast Magic Dart.
Your skin tingles.
Grinder hits you!
* * * LOW HITPOINT WARNING * * *
You writhe in agony.
Casting: Magic Dart
Confirm with . or Enter, or press ? or * to list all spells.
Aiming: Magic Dart
Press: ? - help, Shift-Dir - straight line, f/p - Grinder
Aim: Grinder (heavily wounded)
The magic dart hits Grinder.
Grinder is heavily wounded.
The kobold hits you with a dwarven dagger.
* * * LOW HITPOINT WARNING * * *
Grinder gestures at you. Pain shoots through your body!
You die...

## #. #.
#####.###########.##
..............@5....#
#..........K........
#...####........##....#
#...####.....!..##....#
#...##............!...#
#...##.#........##....#
#####..)##.#........##....#
........)..5.........##o.$.#
##########.#........##..o.#


You could see Grinder and a kobold.

Vanquished Creatures
  An orc priest (D:3)
  6 adders
  A worm (D:2)
  A giant gecko (D:1)
  An ooze (D:2)
  2 orcs
  7 bats
  3 giant cockroaches (D:2)
  8 goblins
  4 hobgoblins (D:1)
  3 jackals (D:2)
  A quokka (D:2)
  4 giant newts
  10 kobolds
  6 rats
58 creatures vanquished.

Notes
Turn   | Place    | Note
--------------------------------------------------------------
     0 | D:1      | Impy, the Ogre Wizard, began the quest for the Orb.
     0 | D:1      | Reached XP level 1. HP: 14/14 MP: 5/5
    67 | D:1      | Reached skill level 1 in Fighting
   264 | D:1      | Reached XP level 2. HP: 12/22 MP: 2/7
   424 | D:1      | Learned a level 2 spell: Blink
   429 | D:1      | Learned a level 2 spell: Call Imp
   648 | D:1      | Reached skill level 4 in Spellcasting
   970 | D:1      | Reached skill level 1 in Maces & Flails
  1521 | D:2      | Reached XP level 3. HP: 28/28 MP: 6/10
  1639 | D:2      | Learned a level 3 spell: Mephitic Cloud
  2212 | D:2      | Reached XP level 4. HP: 30/37 MP: 9/12
  2221 | D:2      | Learned a level 3 spell: Conjure Flame
  3223 | D:3      | Noticed Grinder
  3237 | D:3      | Reached XP level 5. HP: 36/45 MP: 12/15
  3247 | D:3      | Reached skill level 5 in Spellcasting
  3395 | D:3      | Paralysed by Grinder for 3 turns
  3416 | D:3      | Paralysed by Grinder for 6 turns
  3702 | D:3      | HP: 2/45 [Grinder (7)]
  3703 | D:3      | Killed from afar by Grinder

Action                   |  1- 3 |  4- 6 || total
-------------------------+-------+-------++-------
Melee: Club              |    46 |       ||    46
       Unarmed           |     1 |       ||     1
       Whip              |     1 |    52 ||    53
Throw: Throwing net      |     1 |     1 ||     2
 Cast: Magic Dart        |   110 |    97 ||   207
       Conjure Flame     |       |     1 ||     1
       Mephitic Cloud    |       |     1 ||     1
  Use: Scroll            |     5 |     9 ||    14
       Potion            |     2 |       ||     2
